 Dungeon Crawl Stone Soup version 0.17-a0-737-gf0a300a (webtiles) character file.

116 Ngotmuk the Covered (level 4, -6/42 HPs)
             Began as a Deep Dwarf Fighter on Apr 28, 2015.
             Mangled by an orc
             ... wielding a +0 hand axe
              (7 damage)
             ... on level 3 of the Dungeon.
             The game lasted 00:04:39 (1847 turns).

Ngotmuk the Covered (Deep Dwarf Fighter)            Turns: 1847, Time: 00:04:39

Health: -6/42      AC:  0    Str: 20    XL:     4   Next: 69%
Magic:  4/4        EV: 14    Int:  9    God:
Gold:   131        SH:  0    Dex: 12    Spells: 0 memorised, 3 levels left

rFire  . . .     SeeInvis .     (weapon currently unavailable)
rCold  . . .     Clarity  .     (armour currently unavailable)
rNeg   . . .     SustAb   .     (shield currently unavailable)
rPois  .         Gourm    .     (helmet currently unavailable)
rElec  .         Spirit   .     (cloak currently unavailable)
rCorr  .         Warding  .     (gloves currently unavailable)
rMut   .         Stasis   .     (boots currently unavailable)
MR     .....                    (no amulet)
Stlth  +.........               (ring currently unavailable)
                                (ring currently unavailable)

@: pig-form, non-regenerating, very quick, not resistant to hostile
enchantments, very unstealthy
A: damage resistance, recharge devices, sense surroundings 1, slow healing 3
a: Device Recharging


You were on level 3 of the Dungeon.
You were not hungry.
You were a filthy swine.
You visited 1 branch of the dungeon, and saw 3 of its levels.

You collected 131 gold pieces.

Inventory:

Hand weapons
 a - a +0 war axe (melded)
Armour
 b - a +0 helmet (melded)
 c - a +0 shield (melded)
 j - a +0 chain mail (melded)
Magical devices
 e - a wand of heal wounds (3)
Scrolls
 g - 2 scrolls of random uselessness {unknown}
 h - 2 scrolls of remove curse {unknown}
 i - a scroll of identify {unknown}
 l - a scroll of magic mapping {unknown}
 o - a scroll of blinking {unknown}
Potions
 d - 2 potions of might
 n - a potion of heal wounds {unknown}
Comestibles
 f - 2 bread rations
 k - a royal jelly


   Skills:
 * Level 3.4 Fighting
 * Level 2.9 Axes
 + Level 1.4 Throwing
 * Level 3.8 Armour
 + Level 1.2 Dodging
 * Level 3.7 Shields


You had 3 spell levels left.
You didn't know any spells.

Dungeon Overview and Level Annotations

Branches:
Dungeon (3/15)

Altars:

Annotations:
D:3 Jessica


Innate Abilities, Weirdness & Mutations

You are resistant to damage.
You can recharge devices by infusing magical energy.
You passively map a small area around you.
You do not heal naturally.


Message History

The bat completely misses you. The bat closely misses you.
An orc comes into view. It is wielding a hand axe.
The orc shouts!
Jessica casts a spell.
Jessica blinks!
The bat hits you.
The orc wizard glows brightly for a moment.
The bat hits you.
Jessica mumbles some strange words.
Jessica blinks!
The bat closely misses you. The bat misses you.
A kobold comes into view. It is wielding a whip.
Jessica mumbles some strange words.
Jessica blinks!
The bat misses you.
A magic dart appears from out of thin air!
The magic dart hits you!
* * * LOW HITPOINT WARNING * * *
The orc hits you with a hand axe!
You die...

, . , .. .... ....
....#* ≈ ,..... ....K.
......* ......
......#.....# , ,
#......#....# . ,..#
#.....o....# ... ...#
#....#h...?# ... ...##
** #..b..#.##...
...[## #,##..>.......
.....#
#.###...#...######...#
#.@.....o.o...........
####§....o.........!.#
##....§............
##@...........())†
##............[..


You could see 2 orc wizards, Jessica, 2 orcs, a bat and a kobold (wandering).

Vanquished Creatures
  4 adders
  3 worms
  4 giant geckos
  5 orcs (D:3)
  5 giant cockroaches
  5 hobgoblins
  4 jackals
  6 kobolds
  6 bats
  2 giant newts
  7 goblins
  9 rats
60 creatures vanquished.

Notes
Turn   | Place    | Note
--------------------------------------------------------------
     0 | D:1      | Ngotmuk, the Deep Dwarf Fighter, began the quest for the Orb.
     0 | D:1      | Reached XP level 1. HP: 20/20 MP: 1/1
   173 | D:1      | Reached XP level 2. HP: 27/27 MP: 2/2
  1034 | D:2      | Reached XP level 3. HP: 26/34 MP: 3/3
  1081 | D:2      | Reached skill level 1 in Throwing
  1190 | D:2      | Reached skill level 1 in Dodging
  1410 | D:2      | Reached XP level 4. HP: 21/42 MP: 4/4
  1812 | D:3      | Noticed Jessica
  1847 | D:3      | HP: 1/42 [something/magic dart (7)]
  1847 | D:3      | Mangled by an orc

Action                   |  1- 3 |  4- 6 || total
-------------------------+-------+-------++-------
Melee: War axe           |   110 |    69 ||   179
Throw: Stone             |     6 |       ||     6
Evoke: Wand              |       |     2 ||     2
  Eat: Bread ration      |     1 |       ||     1
